[Event "Early-Titled-Tuesday-Blitz-August-29-2023"]
[Site "Chess.com"]
[Date "2023.08.29"]
[Round "4"]
[White "kacprekt"]
[Black "Druid24"]
[Result "1-0"]
[WhiteElo "2432"]
[BlackElo "2650"]
[TimeControl "180+1"]
[EndTime "8:39:59 PDT"]
[Termination "kacprekt won on time"]

1. c4 Nf6 2. Nc3 g6 3. Nf3 Bg7 4. e4 d6 5. d4 O-O 6. Be2 e5 7. dxe5 dxe5 8. Qxd8 Rxd8 9. Bg5 c6 10. Nxe5 Re8 11. O-O-O Nbd7 12. Ng4 Nxg4 13. Bxg4 Nc5 14. Bxc8 Raxc8 15. f3 a5 16. Be3 Ne6 17. Kc2 h5 18. Rd7 b5 19. Rhd1 bxc4 20. Ra7 Ra8 21. Rdd7 Rxa7 22. Rxa7 Bd4 23. Bxd4 Nxd4+ 24. Kc1 f5 25. Rxa5 h4 26. h3 Kg7 27. Rc5 fxe4 28. Nxe4 Ne2+ 29. Kc2 Nf4 30. Rxc4 Nxg2 31. Rxc6 Nf4 32. b4 Nxh3 33. b5 Ng1 34. b6 Nxf3 35. Rc7+ Kh6 36. b7 Rb8 37. a4 h3 38. a5 h2 39. Nf2 Nd4+ 40. Kd3 Nb5 41. Rd7 Rf8 42. Ng4+ Kg5 43. Nxh2 Kf6 44. a6 Ke6 45. Rg7 Kd5 46. Rxg6 Rd8 47.
Kc2 Kc5 48. Rg5+ Kb6 49. Rxb5+ Kxa6 50. b8=Q Rd2+ 51. Kb3 Rd3+ 52. Kc4 Rd4+ 53. Kc5 1-0

[Event "Early-Titled-Tuesday-Blitz-August-29-2023"]
[Site "Chess.com"]
[Date "2023.08.29"]
[Round "4"]
[White "Sadykov_Ramil"]
[Black "cycygogne"]
[Result "1-0"]
[WhiteElo "2622"]
[BlackElo "2247"]
[TimeControl "180+1"]
[EndTime "8:40:00 PDT"]
[Termination "Sadykov_Ramil won by resignation"]

1. Nf3 c5 2. e4 Nc6 3. Bb5 Na5 4.
c3 a6 5. Bd3 g6 6. Bc2 Bg7 7.
d4 cxd4 8. cxd4 e6 9. d5 exd5 10. Qxd5 Ne7 11. Qd3 d5 12. Nc3 d4 13. Ne2 Nac6 14. a3 O-O 15. O-O Bg4 16. Rd1 Qb6 17. Rb1 Rfd8 18. Bg5 Rac8 19. h3 Be6 20. b4 h6 21.
Bxe7 Nxe7 22. Bb3 Bxb3 23. Qxb3 Nc6 24. Rd3 Ne5 25. Nxe5 Bxe5 26. f4 Rc3 27. Qd1 Bg7 28. e5 f6 29. exf6 Bxf6 30. Kh1 Rdc8 31. Rb3 Rxb3 32.
Qxb3+ Kg7 33. Qd5 Rd8 34. Qe4 Qb5 35. Nxd4 Bxd4 36. Rxd4 Qf1+ 37. Kh2 Rxd4 38. Qxd4+ Kf7 39. Qd5+ Kf6 40. Qe5+ Kf7 41. Qc7+ Kf6 42. Qb6+ Kf5 43. g4+ Ke4 44. Qxb7+ Ke3 45. Qb6+ Kf3 46. Qc6+ Ke3 47. Qc3+ Ke4 48. Qe5+ Kf3 49. Qd5+ Ke3 50. Qb3+ Kxf4 51.
Qf7+ 1-0

[Event "Early-Titled-Tuesday-Blitz-August-29-2023"]
[Site "Chess.com"]
[Date "2023.08.29"]
[Round "4"]
[White "campochess"]
[Black "schack_vit"]
[Result "0-1"]
[WhiteElo "2188"]
[BlackElo "2463"]
[TimeControl "180+1"]
[EndTime "8:40:00 PDT"]
[Termination "schack_vit won by resignation"]

1. e4 c5 2. Nc3 Nc6 3. g3 g6 4. Bg2 Bg7 5. Nge2 Nf6 6. d3 O-O 7. O-O Rb8 8. a4 a6 9. b3 b5 10. axb5 axb5 11. Rb1 e6 12. Bf4 d6 13. Bg5 h6 14. Bd2 Nd7 15. Qe1 b4 16. Nd1 Bb7 17.
Ne3 Ra8 18. f4 Nd4 19. Nxd4 Bxd4 20. Kh1 f5 21. Nc4 Qe7 22. Qe2 Ra2 23. Rbc1 Nf6 24. e5 dxe5 25. Nxe5 Bxg2+ 26. Qxg2 Kg7 27. Qc6 Nd5 28.
Rf3 Rfa8 29. g4 R2a6 30. Qb5 Rb6 31. Qd7 Bxe5 32. Qxe7+ Nxe7 33. fxe5 fxg4 34. Rf6 Nf5 35. Rg1 h5 36. h3 g3 37. Bf4 h4 38. Bg5 Ra2 39.
Bxh4 Nxh4 40. Rxg3 Rxc2 41. Rf1 Rb7 42. Rg4 Nf5 43.
Rfg1 Ne7 44. h4 Rb8 45. R1g2 Rxg2 46. Kxg2 Nc6 47. Rc4 Nxe5 48. Rxc5 Nxd3 49. Rc6 Kf6 50. Kg3 Ne5 51. Rc7 Rd8 52. Rb7 Rd3+ 53. Kf4 Rxb3 54. Ke4 Nf7 55. Kd4 e5+ 56. Kc5 Rc3+ 57. Kxb4 Rh3 58.
Kc4 Rxh4+ 59. Kc3 Rd4 60. Kc2 Nd6 61. Rb6 g5 62. Rb8 g4 63. Rg8 Kf5 64. Rg7 Kf4 65.
Rg8 Nf5 0-1

[Event "Early-Titled-Tuesday-Blitz-August-29-2023"]
[Site "Chess.com"]
[Date "2023.08.29"]
[Round "4"]
[White "fastestmindalive"]
[Black "DawidCzerw"]
[Result "1-0"]
[WhiteElo "2723"]
[BlackElo "2488"]
[TimeControl "180+1"]
[EndTime "8:40:03 PDT"]
[Termination "fastestmindalive won on time"]

1. e4 c5 2. Nc3 Nc6 3. Nge2 g6 4. d4 cxd4 5. Nxd4 Bg7 6. Be3 Nf6 7.
Bc4 O-O 8. Bb3 Re8 9. Nxc6 dxc6 10. Qxd8 Rxd8 11. f3 Ne8 12. a4 Nc7 13. Rd1 Rxd1+ 14. Nxd1 Be6 15. Bxe6 Nxe6 16. c3 a5 17. Kd2 b5 18. b3 bxa4 19. bxa4 Be5 20. Kc2 Bd6 21. Nb2 Bc5 22. Bd2 Kf8 23. Rb1 Ke8 24. Nc4 Kd7 25.
Be1 f5 26. Ne5+ Kc7 27. Nd3 Be3 28. exf5 gxf5 29. Bh4 Bg5 30. Bxg5 Nxg5 31. Re1 Kd6 32. Re5 e6 33. Re1 Nf7 34. Nb2 Rb8 35. Nc4+ Kd5 36. Nxa5 Ra8 37. Rd1+ Kc5 38. Nb3+ Kb6 39. a5+ Kc7 40. Nd4 Nd8 41. Ra1 c5 42. Nb5+ Kc6 43. c4 Nb7 44. a6 Nd6 45. Nxd6 Kxd6 46. a7 Kc6 47. Kd3 e5 48. Ke3 Kb7 49. g4 fxg4 50. fxg4 h6 51. Ke4 Kb6 52. h4 Kb7 53. g5 hxg5 54. hxg5 Kb6 55. g6 Kb7 56. g7 Kb6 57.
g8=Q Rxg8 58. a8=Q 1-0

[Event "Early-Titled-Tuesday-Blitz-August-29-2023"]
[Site "Chess.com"]
[Date "2023.08.29"]
[Round "4"]
[White "GeorgiosSouleidis"]
[Black "enriquebutti"]
[Result "1-0"]
[WhiteElo "2565"]
[BlackElo "2240"]
[TimeControl "180+1"]
[EndTime "8:40:03 PDT"]
[Termination "GeorgiosSouleidis won by resignation"]

1. e4 c5 2. Nf3 d6 3. Bc4 e6 4.
O-O Nf6 5. Re1 Be7 6. Bf1 O-O 7.
c3 Nc6 8. d4 cxd4 9. cxd4 d5 10. e5 Ne4 11. Nbd2 f5 12. exf6 Nxf6 13. Nb3 Bd6 14.
Bg5 Qc7 15. Bd3 Bf4 16. Bxf4 Qxf4 17. Qc1 Qd6 18. Qc5 Qd8 19. a3 Nh5 20. Ne5 Nxe5 21.
Rxe5 Nf4 22. Qc2 g6 23. Rae1 Qf6 24. Bf1 Bd7 25. g3 Nh5 26. Nc5 Rac8 27. Qd2 Rxc5 28.
dxc5 Ng7 29. b4 a6 30. Bg2 Bc6 31. R1e2 Rd8 32. Qg5 Qxg5 33. Rxg5 d4 34. Bxc6 bxc6 35. Rge5 Kf7 36. g4 h6 37. Rd2 Rd5 38. Rxd5 exd5 39. Rxd4 Ne6 40. Rd2 g5 41. Kg2 Kf6 42. Kf3 Nf4 43.
h4 Ke5 44. hxg5 hxg5 45. Rd1 d4 46. Rh1 Kd5 47. Rh7 Kc4 48. Ra7 Kc3 49. Rxa6 d3 50.
Rxc6 d2 51. Rd6 Kc2 52. c6 d1=Q+ 53. Rxd1 Kxd1 54. c7 1-0

[Event "Early-Titled-Tuesday-Blitz-August-29-2023"]
[Site "Chess.com"]
[Date "2023.08.29"]
[Round "4"]
[White "ExchangeAB"]
[Black "FeketeBarika"]
[Result "0-1"]
[WhiteElo "2466"]
[BlackElo "2341"]
[TimeControl "180+1"]
[EndTime "8:40:03 PDT"]
[Termination "FeketeBarika won on time"]

1. d4 e6 2. Nf3 Nf6 3. e3 c5 4. c3 Be7 5. Bd3 cxd4 6. exd4 b6 7. O-O Bb7 8. Nbd2 O-O 9. Qe2 a6 10. Ne4 Nxe4 11. Bxe4 Bxe4 12. Qxe4 Ra7 13. Bf4 d6 14. h3 Nd7 15. a4 Nf6 16. Qe2 Qd7 17. Bg5 Nd5 18.
Bxe7 Qxe7 19. Rfe1 Qf6 20. Qe4 Rfa8 21. g3 g6 22. Kg2 b5 23. h4 h6 24. Ra2 b4 25. c4 Nb6 26. b3 d5 27. Qe2 dxc4 28. bxc4 Rc8 29. Rc1 Nd5 30. Qe5 Qxe5 31. Nxe5 Nc3 32.
Rb2 a5 33. c5 Nxa4 34. Rbc2 Nc3 35. Kf3 a4 36. Nc4 a3 37. Nd6 Rd8 38. Ra1 a2 39.
Ke3 b3 40. Rb2 Rb8 41. Kd3 Na4 42. Nc4 Nxb2+ 43. Nxb2 Kf8 44. Kc3 Ke7 45. Nc4 f6 46. Nb6 e5 47. d5 Rxb6 48. cxb6 Rb7 49. Kxb3 Rxb6+ 50. Kc4 Ra6 51. Kc5 f5 52. f3 Kd7 53.
g4 fxg4 54. fxg4 g5 55. hxg5 hxg5 56. d6 Ra4 57. Kd5 e4 0-1

[Event "Early-Titled-Tuesday-Blitz-August-29-2023"]
[Site "Chess.com"]
[Date "2023.08.29"]
[Round "4"]
[White "Arteler"]
[Black "Agibileg"]
[Result "0-1"]
[WhiteElo "2223"]
[BlackElo "2612"]
[TimeControl "180+1"]
[EndTime "8:40:04 PDT"]
[Termination "Agibileg won on time"]

1. e4 e5 2. Nf3 Nc6 3. Bb5 a6 4. Ba4 Nf6 5. Bxc6 dxc6 6. d3 Bd6 7. Nbd2 O-O 8. Nc4 Re8 9. h3 b5 10. Ne3 c5 11. O-O h6 12. b3 Nh5 13. a4 Bd7 14. axb5 axb5 15. Rxa8 Qxa8 16. Nh4 Nf4 17. Nef5 Bf8 18. Bxf4 exf4 19. Qg4 g5 20. Nf3 Bxf5 21. Qxf5 Qc8 22. Qxc8 Rxc8 23. Ra1 f6 24. Ra5 b4 25. Nd2 Kf7 26. Nc4 Ke6 27. Kf1 Bd6 28. Ra6 h5 29. Ke2 g4 30. Na5 f3+ 31. Kf1 gxh3 32. gxh3 Rg8 33. Nb7 Rg2 34. Nxc5+ Ke7 35. d4 Bh2 36. Ke1 Bf4 37. Kf1 Bh2 38. Ke1 Rg1+ 39. Kd2 Bf4+ 40. Kd3 Rg2 41. e5 fxe5 42. Ke4 Rxf2 43. dxe5 Bg3 44. Re6+ Kd8 45. Nd3 Rf1 46. Rf6 f2 47. e6 Re1+ 0-1

[Event "Early-Titled-Tuesday-Blitz-August-29-2023"]
[Site "Chess.com"]
[Date "2023.08.29"]
[Round "4"]
[White "smilingice"]
[Black "Real_taiatai"]
[Result "1-0"]
[WhiteElo "2396"]
[BlackElo "2508"]
[TimeControl "180+1"]
[EndTime "8:40:04 PDT"]
[Termination "smilingice won by checkmate"]

1. e4 e5 2. Nf3 Nc6 3. Bb5 a6 4. Bxc6 dxc6 5. O-O f6 6. d4 Bg4 7. c3 Bd6 8. Be3 Ne7 9. Nbd2 Ng6 10. h3 Be6 11. c4 exd4 12. Nxd4 Bd7 13. Qh5 O-O 14. Rad1 Qe8 15. Rfe1 Rd8 16. c5 Be5 17. Nc4 Bf4 18. g3 Bxe3 19. Rxe3 Be6 20. Nxe6 Qxe6 21. Rxd8 Rxd8 22. b3 Rd4 23. Qf5 Kf7 24. h4 Qxf5 25.
exf5 Ne7 26. Na5 b6 27. cxb6 cxb6 28. Rxe7+ Kxe7 29. Nxc6+ Kd6 30. Nxd4 Ke5 31. Ne2 Kxf5 32. Kg2 Ke4 33. Nc3+ Kd3 34. Nd5 Kc2 35. Nxb6 Kb2 36.
b4 Kxa2 37. Nd5 Ka3 38. Kf3 Kb3 39. Ke4 Kc4 40. f4 h5 41. Nc7 Kxb4 42. Nxa6+ Kb5 43. Nc7+ Kc6 44. Ne8 g6 45. Nxf6 Kd6 46. f5 Ke7 47. Ke5 Kf7 48. fxg6+ Kxg6 49. Ke6 Kg7 50. Nxh5+ Kh6 51.
g4 Kg6 52. Ke5 Kh6 53. Kf6 Kh7 54. g5 Kg8 55. g6 Kh8 56. g7+ Kh7 57. Kf7 Kh6 58.
g8=Q Kxh5 59. Qg5# 1-0

[Event "Early-Titled-Tuesday-Blitz-August-29-2023"]
[Site "Chess.com"]
[Date "2023.08.29"]
[Round "4"]
[White "BillieKimbah"]
[Black "Arseniy_Nesterov"]
[Result "1/2-1/2"]
[WhiteElo "3029"]
[BlackElo "2870"]
[TimeControl "180+1"]
[EndTime "8:40:05 PDT"]
[Termination "Game drawn - insufficient material"]

1. d4 d5 2. Nf3 Nf6 3. Bg5 e6 4. e3 Be7 5. Nbd2 O-O 6. Bd3 b6 7. Qe2 Bb7 8. Ne5 Nbd7 9. f4 Ne4 10. Bxe7 Qxe7 11. O-O Nxd2 12. Qxd2 c5 13. c3 Nf6 14. Qf2 Ne4 15. Bxe4 dxe4 16. dxc5 f6 17. Nc4 Ba6 18.
b3 Qxc5 19. Rad1 Bxc4 20. bxc4 Qxc4 21. Rd4 Qxc3 22. Rxe4 Qc6 23. Rd4 Rad8 24. Qd2 Rxd4 25. Qxd4 Rc8 26. Rd1 h5 27. h3 Kh7 28. Kh2 Qc5 29. Qe4+ Qf5 30. Qf3 Rc2 31. e4 Qg6 32.
a3 f5 33. e5 h4 34. Rd6 Ra2 35. Rd3 b5 36. Rd6 a5 37. Rb6 Qg3+ 38. Qxg3 hxg3+ 39.
Kxg3 Rxa3+ 40. Kh4 Rb3 41. Rxe6 a4 42. Ra6 a3 43.
Kg5 b4 44. Ra4 Rb2 45. e6 a2 46. e7 Rxg2+ 47. Kxf5 Re2 48. Rxa2 Rxe7 49. Rb2 Rb7 50. Rb3 Kh6 51. Kg4 Rb5 52. f5 Rb6 53. Kh4 Rb8 54. Kg4 Rb5 55. Kh4 Rxf5 56. Rxb4 Rf4+ 57. Rxf4 g5+ 58.
Kg4 gxf4 59. Kxf4 Kh5 60. h4 Kxh4 1/2-1/2

[Event "Early-Titled-Tuesday-Blitz-August-29-2023"]
[Site "Chess.com"]
[Date "2023.08.29"]
[Round "4"]
[White "kecalk"]
[Black "madmax011"]
[Result "1-0"]
[WhiteElo "2486"]
[BlackElo "2291"]
[TimeControl "180+1"]
[EndTime "8:40:05 PDT"]
[Termination "kecalk won on time"]

1. d4 Nf6 2. c4 e6 3. g3 d5 4. Nf3 dxc4 5. Bg2 c5 6. O-O Nc6 7.
dxc5 Qxd1 8. Rxd1 Bxc5 9. Nbd2 c3 10. bxc3 O-O 11. Nb3 Be7 12. c4 Bd7 13. Bb2 Rac8 14. Bxf6 Bxf6 15. Rxd7 Bxa1 16. Nxa1 Na5 17. Nb3 Nxc4 18.
Rxb7 a5 19. Ra7 Rfd8 20. h4 h6 21. e3 Rd1+ 22. Kh2 e5 23. Nxa5 Nxa5 24. Rxa5 e4 25.
Nd4 Rd2 26. Bxe4 Rxf2+ 27. Kh3 g6 28. g4 Rc1 29. Kg3 Rb2 30. a4 Rg1+ 31. Kf4 Rf2+ 32. Nf3 Ra1 33. Bd5 Rd1 34. Kg3 Re2 35. Ne5 Rxe3+ 36.
Kf4 Re2 37. Bxf7+ Kg7 38. Bc4 Rd4+ 39. Kf3 Ree4 40. Ra7+ Kf8 41. Nxg6+ Ke8 42. Bf7+ Kd8 43. g5 hxg5 44. hxg5 Rg4 45. Ne5 Rxg5 46. Nc6+ Kc8 47. Be6+ 1-0

[Event "Early-Titled-Tuesday-Blitz-August-29-2023"]
[Site "Chess.com"]
[Date "2023.08.29"]
[Round "4"]
[White "DanilNajdin"]
[Black "atbenina64"]
[Result "1-0"]
[WhiteElo "2575"]
[BlackElo "2785"]
[TimeControl "180+1"]
[EndTime "8:40:06 PDT"]
[Termination "DanilNajdin won by resignation"]

1. d4 Nf6 2. c4 g6 3. Nc3 Bg7 4. e4 d6 5. Be2 O-O 6. Bg5 c5 7. d5 h6 8. Be3 e6 9. Qd2 exd5 10.
cxd5 Re8 11. f3 h5 12. a4 Na6 13. Bg5 Nb4 14. Bb5 Rf8 15. Nge2 a6 16. Bc4 Qc7 17. O-O Nd7 18. Nc1 Ne5 19. Be2 f5 20. f4 Nf7 21.
Bh4 Re8 22. Bf3 c4 23. a5 b5 24. axb6 Qxb6+ 25. Bf2 Qc7 26. Bd4 Bxd4+ 27. Qxd4 Nc2 28. Qf6 Nxa1 29. Qxg6+ Kf8 30. e5 dxe5 31. d6 Qb6+ 32. Kh1 Ra7 33. Nd5 Qxd6 34. Nf6 e4 35.
Rd1 Qxf6 36. Qxf6 exf3 37. gxf3 Rae7 38. Rg1 Re3 39. Qg7+ Ke7 40. Qd4 Re6 41. Qxc4 h4 42. Nd3 h3 43. Qc7+ Bd7 44. Nc5 Rd6 45. Rxa1 Rd5 46.
Re1+ Kf6 47. Nxd7+ Rxd7 48. Qc3+ Kg6 49. Rxe8 Rd1+ 50. Re1 1-0

[Event "Early-Titled-Tuesday-Blitz-August-29-2023"]
[Site "Chess.com"]
[Date "2023.08.29"]
[Round "4"]
[White "noblerone"]
[Black "SchmakAttack"]
[Result "0-1"]
[WhiteElo "2557"]
[BlackElo "2810"]
[TimeControl "180+1"]
[EndTime "8:40:07 PDT"]
[Termination "SchmakAttack won by resignation"]

1. d4 Nf6 2. Nf3 d5 3. Bg5 Ne4 4. Bf4 c5 5. e3 Nc6 6. c3 Qb6 7. Qb3 c4 8. Qxb6 axb6 9. Nfd2 Bf5 10. Be2 b5 11. Bf3 g5 12. Bg3 h5 13. Bc7 Kd7 14. Bb6 e6 15. Nxe4 dxe4 16. Be2 Ne7 17. Bc5 Nd5 18. Bxf8 Raxf8 19. Nd2 g4 20. Rc1 Ra8 21. a3 Bg6 22. g3 f5 23. h4 Kd6 24. Bd1 e5 25. Bc2 exd4 26. exd4 e3 27. Nf1 Rhe8 28. Rh2 e2 29. Nd2 Re6 30. Rb1 Rae8 31. Rc1 f4 32. Bxg6 Rxg6 33. Rg2 f3 34. Rh2 Nb6 35. Rc2 Kd5 36. Rh1 Na4 37. Rg1 Rge6 38. Nb1 Ke4 39. Rd2 Rd6 40. Rh1 Kd5 41. Rg1 Nb6 42. Rh1 Nc8 43.
Rc2 Na7 44. Rd2 Nc6 45. Rc2 Na5 46. Rd2 Nb3 47. Rc2 Ra8 48. Nd2 Re6 49. Nxb3 cxb3 50.
Rd2 Re4 51. Rd3 Kc4 52. Kd2 e1=Q+ 53. Rxe1 Rxe1 54. d5 Re2+ 55. Kd1 Kxd3 0-1

[Event "Early-Titled-Tuesday-Blitz-August-29-2023"]
[Site "Chess.com"]
[Date "2023.08.29"]
[Round "4"]
[White "Durarbayli"]
[Black "DenLaz"]
[Result "1-0"]
[WhiteElo "2908"]
[BlackElo "3041"]
[TimeControl "180+1"]
[EndTime "8:40:08 PDT"]
[Termination "Durarbayli won by resignation"]

1. e4 c5 2. Nf3 e6 3. d4 cxd4 4. Nxd4 Nc6 5. Nc3 Qc7 6. Be3 a6 7. Qf3 Ne5 8. Qg3 h5 9. Bf4 d6 10. Bg5 b5 11. O-O-O Nf6 12. f4 Ned7 13. e5 dxe5 14.
fxe5 Qxe5 15. Bf4 Qc5 16. Be2 Bb7 17. Bf3 h4 18. Qh3 Bxf3 19. Qxf3 Rc8 20. Rhe1 Be7 21. Be3 Qc4 22. Kb1 b4 23. Ne4 Nxe4 24. Qxe4 Nf6 25.
Qb7 Qc7 26. Qxa6 O-O 27. Qd3 Ra8 28. Bg5 Rfd8 29. Qb3 Nd5 30. Bxe7 Nxe7 31. Nxe6 fxe6 32. Qxe6+ Kh8 33. Qe4 Ng8 34. Qxh4+ Nh6 35. Rxd8+ Rxd8 36. Qxb4 Qxh2 37. Qe4 Qh5 38. a4 Qg5 39. b3 Rf8 40. Re2 Rf4 41. Qe8+ Kh7 42. Qe3 Qf6 43. Ka2 Rf1 44.
Qe5 Qg6 45. Qe4 Qxe4 46. Rxe4 Rf2 47. Kb2 Rxg2 48. a5 Rg6 49. Ra4 Ra6 50. b4 Nf5 51. b5 Ra8 52. c4 Nd6 53. Kc3 g5 54. Kb4 g4 55. c5 g3 56. cxd6 Rf8 57. Ra1 1-0

[Event "Early-Titled-Tuesday-Blitz-August-29-2023"]
[Site "Chess.com"]
[Date "2023.08.29"]
[Round "4"]
[White "Aygehovit1992"]
[Black "reevecanada"]
[Result "1-0"]
[WhiteElo "2742"]
[BlackElo "2511"]
[TimeControl "180+1"]
[EndTime "8:40:08 PDT"]
[Termination "Aygehovit1992 won by checkmate"]

1. e4 c5 2. Nc3 Nc6 3. Bb5 Nd4 4. Nf3 g6 5. O-O Bg7 6. Re1 e6 7. e5 a6 8. Bf1 b5 9. Ne4 f5 10. Nd6+ Kf8 11. c3 Nxf3+ 12. Qxf3 Rb8 13. d4 c4 14. a4 Ne7 15. axb5 axb5 16. Bg5 h6 17. Bxe7+ Kxe7 18. Ra7 Qb6 19. Rea1 Rd8 20. Qg3 g5 21. Qh3 Kf8 22. Qh5 Kg8 23. Qf7+ Kh7 24. Nxc8 Rbxc8 25. R1a6 Qb8 26.
g4 Rc6 27. gxf5 exf5 28. Rxc6 Qxa7 29. Rg6 Rg8 30. Qxf5 Kh8 31. Rd6 Qa2 32. Qh3 Kh7 33. Qxd7 Qxb2 34. Bh3 Qb1+ 35. Bf1 Qe4 36. h3 b4 37.
cxb4 c3 38. Qc6 Qc2 39. e6 Qd2 40. Qe4+ Kh8 41. e7 c2 42. e8=Q c1=Q 43. Q8g6 Qxf2+ 44.
Kxf2 Rf8+ 45. Qgf5 Qb2+ 46. Be2 Rxf5+ 47. Qxf5 Bxd4+ 48. Kf1 Qa1+ 49. Kg2 Qg1+ 50. Kf3 Qf2+ 51. Ke4 Qxe2+ 52.
Kxd4 Qd2+ 53. Ke5 Qc3+ 54. Ke6 Qc4+ 55. Qd5 Qe2+ 56. Qe5+ Qxe5+ 57. Kxe5 Kg7 58. b5 Kh7 59. b6 Kg7 60. b7 Kh7 61. b8=Q Kg7 62. Qc7+ Kh8 63. Rd8# 1-0

[Event "Early-Titled-Tuesday-Blitz-August-29-2023"]
[Site "Chess.com"]
[Date "2023.08.29"]
[Round "4"]
[White "FARIZA2018"]
[Black "Kostukov_Alex"]
[Result "1-0"]
[WhiteElo "2512"]
[BlackElo "2353"]
[TimeControl "180+1"]
[EndTime "8:40:10 PDT"]
[Termination "FARIZA2018 won by resignation"]

1. e4 c5 2. Nf3 g6 3. d4 cxd4 4. Nxd4 Bg7 5. Nc3 Nc6 6. Be3 Nf6 7. Bc4 Qa5 8. f3 Qb4 9. Nxc6 dxc6 10. Bb3 O-O 11.
O-O Qa5 12. Qe2 b6 13. Qf2 Ba6 14. Rfe1 Rfd8 15. Rad1 e6 16. Bd2 Qh5 17. e5 Nd5 18. Nxd5 exd5 19. f4 c5 20. c3 d4 21. cxd4 Rxd4 22.
Bc3 Rd3 23. Rxd3 Bxd3 24. e6 Bxc3 25. exf7+ Kf8 26. bxc3 c4 27. Qe3 Qc5 28. Qxc5+ bxc5 29. Ba4 Kxf7 30. Re5 Rb8 31. Rxc5 Rb1+ 32. Kf2 Rb2+ 33.
Kg3 Rxa2 34. Ra5 Kg7 35. Rxa7+ Kh6 36. Ra8 Be4 37. Ra6 Rxg2+ 38. Kh3 Rg1 39. Bd7 Rc1 40. Ra3 Rb1 41. Be6 Rb2 42. Bxc4 Bf5+ 43. Kg3 Rd2 44. Bb5 Rc2 45. c4 Be4 46. Re3 Bf5 47. Re7 Rc3+ 48. Kf2 Rc2+ 49. Re2 Rc3 50. Ke1 Kh5 51. Kd2 Rc2+ 52.
Ke3 Rc3+ 53. Kd4 Rd3+ 54. Ke5 Kg4 55. Rg2+ Kf3 56. Rg3+ Ke2 57. c5 1-0

[Event "Early-Titled-Tuesday-Blitz-August-29-2023"]
[Site "Chess.com"]
[Date "2023.08.29"]
[Round "4"]
[White "falzehope0"]
[Black "Chessdreamer2020"]
[Result "1-0"]
[WhiteElo "2422"]
[BlackElo "2573"]
[TimeControl "180+1"]
[EndTime "8:40:13 PDT"]
[Termination "falzehope0 won on time"]

1. d4 d6 2. e3 e5 3. Bd3 Nd7 4. f4 Ngf6 5. Ne2 e4 6. Bc4 d5 7. Bb3 c6 8. c4 Nb6 9. cxd5 cxd5 10. Nbc3 Be6 11. Ng3 g6 12. O-O Qd7 13. Bd2 h5 14. Nh1 Rc8 15. Nf2 Ng4 16. a4 Be7 17. a5 Nc4 18.
Ba4 Rc6 19. Bxc6 bxc6 20. Nxg4 hxg4 21. Bc1 Bb4 22. Ne2 f5 23. g3 Qh7 24. Rf2 Qc7 25. Qa4 Be1 26. Rg2 Qb7 27. b3 Nd6 28. Ba3 Bd2 29. Bxd6 Bxe3+ 30. Kf1 Kd7 31. Bc5 Rb8 32.
b4 Qa6 33. Qc2 Qc4 34. Qxc4 dxc4 35. Rd1 a6 36. Nc3 g5 37. Ke2 gxf4 38. gxf4 Bxf4 39. h4 Bh6 40. Rf1 Re8 41. Nd1 f4 42. Rgg1 f3+ 43. Kf2 Bf4 44. Ne3 Rg8 45. Rg3 Bxg3+ 46. Kxg3 Rh8 47.
Rd1 Rh7 48. d5 cxd5 49. Nxd5 Kc6 50. Nf4 Bf5 51. h5 c3 52. Bd4 Kb5 53. Bxc3 Kc4 54. Bd2 Bd7 55. Rc1+ 1-0

[Event "Early-Titled-Tuesday-Blitz-August-29-2023"]
[Site "Chess.com"]
[Date "2023.08.29"]
[Round "4"]
[White "Kubas1010"]
[Black "YEIKO2017"]
[Result "0-1"]
[WhiteElo "2664"]
[BlackElo "2469"]
[TimeControl "180+1"]
[EndTime "8:40:14 PDT"]
[Termination "YEIKO2017 won on time"]

1. Nf3 c5 2. e4 Nf6 3. e5 Nd5 4. Nc3 Nxc3 5. dxc3 Nc6 6. Bc4 e6 7. O-O Qc7 8. Qe2 b6 9. Bf4 Bb7 10. Nd2 f5 11. Rfe1 Be7 12. h4 O-O-O 13. g3 h6 14.
h5 Rdg8 15. Ba6 g5 16. hxg6 Rxg6 17. Bxb7+ Kxb7 18. Qh5 Rhg8 19. a4 Bg5 20. Bxg5 Rxg5 21. Qf3 Kb8 22. Nc4 h5 23. Kf1 h4 24. gxh4 Rg1+ 25.
Ke2 Rxe1+ 26. Rxe1 Nxe5 27. Nxe5 Qxe5+ 28. Kd2 Qd6+ 29.
Kc1 Rg4 30. Rd1 Qc7 31. h5 Rxa4 32. Kb1 Rh4 33. Rg1 Qf4 34. Rg8+ Kc7 35. Qa8 Kd6 36.
Rg1 Qe4 37. Qxa7 Rh1 38. Qxb6+ Ke7 39. Qxc5+ Kf7 40. Rxh1 Qxh1+ 41. Ka2 Qxh5 42. f4 Qe2 43. Qd4 Qa6+ 44. Kb3 Qb5+ 45. Ka3 Qa6+ 46. Kb3 Qb5+ 47. Ka3 Qa6+ 48. Kb4 Qb7+ 49. Ka5 Qa8+ 50. Kb6 Qb8+ 51.
Ka6 Qxb2 52. Qxd7+ Kf6 53. Qd4+ Kf7 54. Ka5 Qxc2 55.
Kb5 Qb2+ 56. Kc6 Qb3 0-1

[Event "Early-Titled-Tuesday-Blitz-August-29-2023"]
[Site "Chess.com"]
[Date "2023.08.29"]
[Round "4"]
[White "AlexNovitz"]
[Black "CADMartin"]
[Result "0-1"]
[WhiteElo "2226"]
[BlackElo "2469"]
[TimeControl "180+1"]
[EndTime "8:40:15 PDT"]
[Termination "CADMartin won on time"]

1. e4 e5 2. Nf3 Nc6 3. Bb5 Nf6 4. O-O Nxe4 5. Re1 Nd6 6. Bf1 Be7 7. Nxe5 Nxe5 8. Rxe5 O-O 9. d4 Bf6 10. Re1 c6 11.
Bf4 Nf5 12. Bd3 d5 13. c3 Be6 14. Nd2 Qd7 15. Nf3 Nd6 16. Qc2 g6 17. Bh6 Rfe8 18. Ne5 Bxe5 19. Rxe5 Bf5 20. Rae1 f6 21. R5e2 Kf7 22.
Bf4 Bxd3 23. Qxd3 Nf5 24. h3 Rxe2 25. Rxe2 Re8 26. g4 Ng7 27. Bg3 Ne6 28. Qe3 Ng5 29. Qxe8+ Qxe8 30. Rxe8 Kxe8 31. Kg2 Kd7 32. f3 Ne6 33.
Kf2 a5 34. Ke2 a4 35. a3 b5 36. Kd3 Nd8 37. h4 Nb7 38. Bf4 Na5 39. Bc1 Nc4 40. f4 h5 41. g5 fxg5 42. fxg5 Ke6 43. Ke2 Kf5 44. Kf3 Nd6 45. Bf4 Ne4 46. Bc1 Nd6 47.
Bf4 Ne8 48. Bc1 Nc7 49. Bf4 Ne6 50. Bc1 Nd8 51. Bf4 Nb7 52. Bc1 Na5 53. Bf4 Nb3 54. Be3 Na1 55. Bc1 Nb3 56. Be3 Ke6 57. Bf4 c5 58. dxc5 Nxc5 59. Be3 Nb3 60. Bd4 Nxd4+ 61. cxd4 Kf5 0-1

[Event "Early-Titled-Tuesday-Blitz-August-29-2023"]
[Site "Chess.com"]
[Date "2023.08.29"]
[Round "4"]
[White "Forge13"]
[Black "regular_legs"]
[Result "1/2-1/2"]
[WhiteElo "2663"]
[BlackElo "2515"]
[TimeControl "180+1"]
[EndTime "8:40:16 PDT"]
[Termination "Game drawn by stalemate"]

1. e4 c6 2. Nf3 d5 3. d3 Bg4 4. h3 Bh5 5. g4 Bg6 6. Ne5 dxe4 7.
Nxg6 hxg6 8. dxe4 Qxd1+ 9. Kxd1 Nf6 10. f3 Nbd7 11. Be3 e5 12. Bc4 Bc5 13. Bd2 Ke7 14.
a4 Rh7 15. Na3 Rah8 16. Bf1 Nf8 17. Nc4 N6d7 18. b4 Bf2 19. Ke2 Bg3 20. Na5 Ne6 21. Be3 Bf4 22. Nxb7 Bxe3 23. Kxe3 Nd4 24. Ra2 Rb8 25.
Na5 Rc8 26. Bc4 f5 27. c3 Ne6 28. Bxe6 Kxe6 29. h4 fxg4 30. fxg4 Nf6 31. g5 Nh5 32.
Rd2 Nf4 33. Nb7 Rc7 34. Nc5+ Ke7 35. Nd3 Nxd3 36. Rxd3 Rh8 37. c4 a5 38. b5 cxb5 39.
cxb5 Rc4 40. Rhd1 Rxh4 41. Rd7+ Kf8 42. Rd8+ Ke7 43. R1d7+ Ke6 44. Rd6+ Ke7 45. R8d7+ Ke8 46. Rxg7 Rhxe4+ 47. Kd3 Red4+ 48. Rxd4 Rxd4+ 49. Ke3 Rxa4 50. Rxg6 Rb4 51. Rb6 Kf7 52. Kf3 a4 53. Ra6 Rxb5 54. Ke4 Kg7 55. Kf5 e4+ 56. Kf4 Rb7 57. Rxa4 Re7 58.
Rxe4 Rxe4+ 59. Kxe4 Kg6 60. Kf4 Kg7 61. Kf5 Kf7 62. Ke5 Kg6 63. Kf4 Kg7 64. Kf5 Kf7 65.
g6+ Kg7 66. Kg5 Kg8 67. Kf5 Kg7 68. Kg5 Kg8 69. Kf4 Kg7 70. Kf5 Kg8 71. Ke6 Kg7 72. Kf5 Kg8 73. Kf6 Kf8 74. g7+ Kg8 75. Kg6 1/2-1/2

[Event "Early-Titled-Tuesday-Blitz-August-29-2023"]
[Site "Chess.com"]
[Date "2023.08.29"]
[Round "4"]
[White "Haykoooo0o"]
[Black "ferrufino64"]
[Result "1/2-1/2"]
[WhiteElo "2433"]
[BlackElo "2109"]
[TimeControl "180+1"]
[EndTime "8:40:20 PDT"]
[Termination "Game drawn by repetition"]

1. Nf3 c5 2. g3 d6 3. Bg2 Nf6 4. O-O g6 5. c4 Bg7 6. Nc3 e5 7. d4 exd4 8. Nd5 Nxd5 9. cxd5 O-O 10. Bg5 f6 11. Bf4 Qe7 12. Re1 Nd7 13. Nd2 Ne5 14.
b4 b6 15. a4 Bd7 16. a5 Nf7 17. Nc4 Rab8 18. axb6 axb6 19. Ra7 Ne5 20. Qb3 b5 21. Na5 c4 22. Qd1 f5 23. Nc6 Qf7 24. Nxd4 Ra8 25. Rxa8 Rxa8 26. Nc6 Rc8 27. Na5 h6 28. e4 g5 29. Bc1 fxe4 30. Bxe4 Bg4 31. Qc2 Rf8 32. f4 gxf4 33. Bxf4 Nf3+ 34. Bxf3 Bxf3 35. Nc6 Bxd5 36. Ne7+ Kh8 37. Ng6+ Kg8 38. Nxf8 Kxf8 39. Qf2 Kg8 40. Bxd6 c3 41. Qxf7+ Kxf7 42. Be5 Bf8 43. Bxc3 Bc4 44.
Re4 Bd6 45. Kf2 Be7 46. h4 Bd8 47. Rf4+ Kg6 48. Rd4 Bb6 49. Kf3 Bxd4 50. Bxd4 h5 51. Bc3 Bb3 52. Be1 Bc4 53. Kf4 Bd5 54. Bf2 Bc4 55.
Bd4 Bb3 56. Bf2 Bc4 57. Ke5 Be2 58. Kd4 Bg4 59. Kc5 Be2 60. Kd5 Kf5 61. Kc5 Bc4 62. Kd4 Kg4 63. Ke3 Bf1 64. Be1 Bc4 65. Kf2 Bd3 66.
Bd2 Bc4 67. Bf4 Bd3 68. Ke3 Bc4 69. Kd2 Bf1 70. Be5 Bc4 71. Bc7 Bf1 72. Ke3 Bc4 73. Kf2 Bd3 74. Ke1 Bc4 75. Kd1 Bd5 76. Kc1 Bc4 77. Kd2 Bd5 78. Ke3 Bc4 79. Kd4 Bf1 80. Kc5 Bc4 81. Kd4 Bf1 82. Ke3 Bc4 1/2-1/2